 Dungeon Crawl Stone Soup version 0.25.1-9-gc5326a611f (webtiles) character file.

Game seed: 10256962464234620905

6331 Etesian the Martial Artist (level 10, -7/82 HPs)
             Began as a Merfolk Transmuter on Aug 25, 2021.
             Was a Priest of Nemelex Xobeh.
             Mangled by a freezing wraith (9 damage)
             ... led by a death knight
             ... on level 10 of the Dungeon.
             The game lasted 00:23:13 (12209 turns).

Etesian the Martial Artist (Merfolk Transmuter)    Turns: 12209, Time: 00:23:14

Health: -7/82      AC:  5    Str: 20    XL:     10   Next: 96%
Magic:  10/14      EV: 12    Int: 20    God:    Nemelex Xobeh [***...]
Gold:   312        SH:  5    Dex: 14    Spells: 4/15 levels left

rFire    + . .     SeeInvis .     - Unarmed
rCold    . . .     Gourm    .   (shield currently unavailable)
rNeg     . . .     Faith    .   C - +1 leather armour "Byeraoppecke" {MR+ Str+3 Int+4}
rPois    .         Spirit   .   i - +0 helmet
rElec    .         Reflect  +   (no cloak)
rCorr    .         Harm     .   (gloves currently unavailable)
MR       +....                  (no boots)
Stlth    +.........             x - amulet of reflection
HPRegen  0.23/turn              v - ring of protection from fire
MPRegen  0.14/turn              j - +6 ring of strength

@: blade hands
A: change form in water, swift swim, stealthy swim
a: End Transformation, Draw Escape, Draw Destruction, Draw Summoning, Triple
Draw, Renounce Religion


You were on level 10 of the Dungeon.
You worshipped Nemelex Xobeh.
Nemelex Xobeh was most pleased with you.
You were not hungry.
You had blades for hands.
You visited 1 branch of the dungeon, and saw 10 of its levels.

You collected 422 gold pieces.
You spent 110 gold pieces at shops.

Inventory:

Hand Weapons
 J - a +0 flail
 K - a +0 war axe
Missiles
 a - 270 arrows
 f - 34 bolts
 h - 243 stones
 k - 94 sling bullets
 l - 38 poisoned darts (quivered)
Armour
 i - a +0 helmet (worn)
 C - the +1 leather armour "Byeraoppecke" (worn) {MR+ Str+3 Int+4}
   (You found it on level 7 of the Dungeon)

   It affects your strength (+3).
   It affects your intelligence (+4).
   It affects your resistance to hostile enchantments.
Jewellery
 b - an uncursed ring of fire
 j - a +6 ring of strength (right scythe-like blade)
 v - a ring of protection from fire (left scythe-like blade)
 x - an amulet of reflection (around neck)
 G - an uncursed ring of protection from cold
 I - an uncursed ring of wizardry
Wands
 r - a wand of digging (6)
 A - a wand of enslavement (2)
 B - a wand of flame (4)
 F - a wand of paralysis (9)
Scrolls
 e - 6 scrolls of remove curse
 m - a scroll of enchant weapon {unknown}
 n - 3 scrolls of amnesia {unknown}
 o - 4 scrolls of enchant armour {unknown}
 s - 2 scrolls of random uselessness {unknown}
 t - 3 scrolls of magic mapping
 u - 3 scrolls of teleportation
 y - 6 scrolls of immolation {unknown}
 E - 5 scrolls of identify
 H - 2 scrolls of fear {unknown}
Potions
 d - 2 potions of curing
 g - a potion of mutation
 p - a potion of lignification
 q - a potion of stabbing
 w - a potion of brilliance
 z - a potion of flight
 D - a potion of ambrosia
Comestibles
 c - 17 rations
 L - 4 chunks of flesh


   Skills:
 + Level 8.6 Fighting
 - Level 2.6 Dodging
 * Level 12.1 Unarmed Combat
 - Level 3.0 Spellcasting
 - Level 11.0 Transmutations
 - Level 3.0 Poison Magic


You had 4 spell levels left.
You knew the following spells:

 Your Spells              Type           Power        Failure   Level  Hunger
a - Beastly Appendage     Tmut           #####.       9%          1    None
b - Spider Form           Tmut/Pois      ####......   24%         3    ###....
c - Blade Hands           Tmut           #####.....   32%         5    ######.
k - Sticks to Snakes      Tmut           #####...     10%         2    ##.....

Your spell library contained the following spells:

 Spells                   Type           Power        Failure   Level  Hunger
 Freeze                   Ice            #...         58%         1    None
 Summon Butterflies       Summ           #.......     58%         1    None
 Ice Form                 Ice/Tmut       ####....     58%         4    ####...
 Petrify                  Tmut/Erth      ####....     58%         4    ####...
 Call Canine Familiar     Summ           #.......     85%         3    ###....
 Confusing Touch          Hex            #.......     85%         3    ###....
 Frozen Ramparts          Ice            #.....       85%         3    ###....
 Gell's Gravitas          Tloc           #.........   85%         3    ###....
 Ozocubu's Armour         Chrm/Ice       #.......     85%         3    ###....
 Hailstorm                Conj/Ice       #.......     99%         4    ####...
 Summon Ice Beast         Ice/Summ       #.......     99%         4    ####...
 Yara's Violent Unravell  Hex/Tmut       ####......   83%         5    ######.
 Metabolic Englaciation   Hex/Ice        #.........   100%        5    ######.
 Summon Mana Viper        Hex/Summ       #.......     100%        5    ######.
 Summon Hydra             Summ           #.........   100%        7    #######


Dungeon Overview and Level Annotations

Branches:
Dungeon (10/15)            Temple (0/1) D:5
   Lair: D:8-11         Orc: D:9-12

Altars:
Ashenzari
Dithmenos
Hepliaklqana
Nemelex Xobeh
Ru
Uskayaw
Yredelemnul
The Shining One

Shops:
D:4 *

Annotations:
D:2 Sigmund
D:3 exclusion: downstairs


Message History

You slash the hound!
The hound is heavily wounded.
The hound bites you. The death knight barely misses you.
You slice the hound!!
You kill the hound!
You slash the freezing wraith!
The freezing wraith is moderately damaged.
You block the death knight's attack.
You slice the freezing wraith!!
The freezing wraith is almost destroyed.
The freezing wraith hits you! The freezing wraith freezes you!!
The freezing wraith hits you but does no damage.
The death knight barely misses you. The freezing wraith hits you!
* * * LOW HITPOINT WARNING * * *
The freezing wraith freezes you!
* * * LOW HITPOINT WARNING * * *
The freezing wraith hits you!
You die...
Your body disappears without a glow.

#h# #.#
#.########
#...h....#
########.#
#h# ### #.#
#[# #h# #@#
#.#
#W#######.#
#p..h.h...#
###########


You could see a death knight and a freezing wraith.

Vanquished Creatures
  A phantasmal warrior (D:10)
  Pikel (D:6)
  A troll (D:6)
  Grinder (D:4)
  A spriggan (D:7)
  11 yaks (D:9)
  A hungry ghost (D:8)
  Duvessa (D:4)
  A black bear (D:8)
  An ice beast (D:8)
  2 orc warriors
  A slave (D:6)
  2 wolves
  2 ogres (D:8)
  6 centaurs
  A big kobold (D:7)
  A wyvern zombie (D:6)
  A bullfrog (D:9)
  Dowan (D:4)
  3 scorpions
  2 howler monkeys (D:9)
  4 crimson imps
  4 bullfrog zombies
  A quasit (D:8)
  A bullfrog skeleton (D:5)
  5 orc priests
  2 centaur skeletons
  3 hounds
  3 iguanas
  8 orc wizards
  7 worker ants
  Natasha (twice) (D:2)
  Ijyb (D:5)
  Terence (D:2)
  A howler monkey zombie (D:8)
  3 gnolls
  6 adders
  A howler monkey skeleton (D:5)
  A shadow imp (D:8)
  2 oozes
  An adder zombie (D:8)
  2 adder skeletons
  4 worms
  3 dart slugs
  4 leopard geckos
  30 orcs
  A ball python (D:1)
  4 giant cockroaches
  9 goblins
  11 hobgoblins
  7 jackals
  11 kobolds
  8 quokkas
  8 bats
  4 frilled lizards
  A quokka skeleton (D:6)
  9 rats
215 creatures vanquished.

Vanquished Creatures (collateral kills)
  A worm (D:2)
1 creature vanquished.

Vanquished Creatures (others)
  3 slaves (D:6)
  A worker ant (D:6)
  A leopard gecko (D:4)
  2 jackals (D:6)
  A kobold (D:7)
  2 fungi (D:4)
10 creatures vanquished.

Grand Total: 226 creatures vanquished

Notes
Turn   | Place    | Note
-------+----------+-------------------------------------------
     0 | D:1      | Etesian the Merfolk Transmuter began the quest for the Orb.
     0 | D:1      | Reached XP level 1. HP: 15/15 MP: 3/3
   175 | D:1      | Reached XP level 2. HP: 12/21 MP: 3/5
   458 | D:1      | Learned a level 2 spell: Sticks to Snakes
  1207 | D:2      | Reached skill level 4 in Unarmed Combat
  1207 | D:2      | Reached XP level 3. HP: 27/27 MP: 6/6
  1212 | D:2      | Learned a level 3 spell: Spider Form
  1253 | D:2      | Noticed Terence
  1693 | D:2      | Reached skill level 1 in Poison Magic
  1749 | D:2      | Noticed Natasha
  1758 | D:2      | Killed Natasha
  1758 | D:2      | Reached XP level 4. HP: 15/33 MP: 3/7
  1936 | D:2      | Noticed Sigmund
  2439 | D:2      | Reached XP level 5. HP: 27/39 MP: 1/8
  2731 | D:2      | Noticed Natasha
  2752 | D:2      | Killed Natasha
  2850 | D:2      | Found a glowing golden altar of the Shining One.
  3171 | D:3      | Reached skill level 5 in Unarmed Combat
  3404 | D:3      | Reached XP level 6. HP: 46/46 MP: 5/9
  3731 | D:3      | Found a sparkling altar of Nemelex Xobeh.
  3765 | D:3      | Became a worshipper of Nemelex Xobeh the Trickster
  4032 | D:3      | Received a gift from Nemelex Xobeh
  4243 | D:2      | Killed Terence
  4293 | D:4      | Noticed Duvessa
  4399 | D:4      | Noticed Grinder
  4417 | D:4      | Killed Grinder
  4417 | D:4      | Reached skill level 6 in Unarmed Combat
  4417 | D:4      | Reached skill level 5 in Transmutations
  4417 | D:4      | Reached XP level 7. HP: 25/53 MP: 5/10
  4816 | D:4      | Noticed Dowan
  4825 | D:4      | Killed Duvessa
  4837 | D:4      | Killed Dowan
  5023 | D:4      | Found Kuohud Asti's General Store.
  5028 | D:4      | Reached skill level 7 in Unarmed Combat
  5080 | D:4      | Bought a scroll of magic mapping for 45 gold pieces
  5080 | D:4      | Bought a scroll of teleportation for 39 gold pieces
  5080 | D:4      | Bought 2 potions of degeneration for 26 gold pieces
  5112 | D:4      | Found a sacrificial altar of Ru.
  5269 | D:4      | Reached XP level 8. HP: 41/61 MP: 7/11
  5842 | D:5      | Entered Level 5 of the Dungeon
  5882 | D:5      | Received a gift from Nemelex Xobeh
  6006 | D:5      | Reached skill level 5 in Fighting
  6175 | D:5      | Reached * piety under Nemelex Xobeh
  6190 | D:5      | Reached skill level 8 in Unarmed Combat
  6400 | D:5      | Learned a level 5 spell: Blade Hands
  6509 | D:5      | Noticed Ijyb
  6530 | D:5      | Killed Ijyb
  7001 | D:5      | Found a staircase to the Ecumenical Temple.
  7768 | D:6      | Reached XP level 9. HP: 65/69 MP: 8/12
  7831 | D:6      | Noticed a troll
  7846 | D:6      | Noticed Pikel
  7852 | D:6      | Killed Pikel
  7852 | D:6      | Reached skill level 9 in Unarmed Combat
  7944 | D:6      | Received a gift from Nemelex Xobeh
  8075 | D:6      | Reached ** piety under Nemelex Xobeh
  8165 | D:6      | Killed a troll
  8654 | D:7      | Reached skill level 10 in Unarmed Combat
  8708 | D:7      | Received a gift from Nemelex Xobeh
  8719 | D:7      | Got a fading leather armour
  8722 | D:7      | Identified the +1 leather armour "Byeraoppecke" {MR+ Str+3
                  | Int+4} (You found it on level 7 of the Dungeon)
  8767 | D:7      | Found a shadowy altar of Dithmenos.
  9849 | D:8      | Found a hide-covered altar of Uskayaw.
  9916 | D:8      | Found a basalt altar of Yredelemnul.
  9992 | D:8      | Found a shattered altar of Ashenzari.
 10006 | D:8      | Reached XP level 10. HP: 79/79 MP: 8/14
 10720 | D:8      | Found a sparkling altar of Nemelex Xobeh.
 10830 | D:9      | Reached *** piety under Nemelex Xobeh
 10974 | D:9      | Reached skill level 10 in Transmutations
 10980 | D:9      | Reached skill level 11 in Unarmed Combat
 11236 | D:9      | Received a gift from Nemelex Xobeh
 11256 | D:9      | Found a hazy altar of Hepliaklqana.
 11674 | D:10     | Entered Level 10 of the Dungeon
 11819 | D:10     | Noticed a death knight
 11821 | D:10     | Noticed a phantasmal warrior
 11838 | D:10     | Killed a phantasmal warrior
 11852 | D:10     | Reached skill level 12 in Unarmed Combat
 12209 | D:10     | HP: 2/82 [freezing wraith[a death knight] (17)]
 12209 | D:10     | Mangled by a freezing wraith

Illustrated notes

Levels and vault maps discovered:
D:1:      lemuel_arrival_room, layout_basic
D:2:      layout_loops_corners, tso_oasis_becter, kennysheep_generic_room_10,
          uniq_terence, uniq_sigmund, uniq_natasha, uniq_robin
D:3:      layout_rooms, nemelex_lonely_heart_becter
D:4:      layout_loops_ring, nicolae_ru_the_path_less_chosen, serial_shops,
          shop, roderic_serpentine_path, uniq_grinder, uniq_duvessa
D:5:      layout_rooms, minmay_temple_entry_enclosed_plants, first_ration,
          kennysheep_generic_room_4, uniq_ijyb
D:6:      layout_loops_cross, minmay_manual_macuahuitl, uniq_pikel
D:7:      layout_loops_ring, kennysheep_mini, the_bakery
D:8:      layout_gridville, nicolae_overflow_quartered_altars
D:9:      layout_cave_pools, lemuel_round_altar
D:10:     layout_basic, erik_lair_island, orc_david_3, moated_statue,
          bloody_makhleb

Skill      XL: |  1  2  3  4  5  6  7  8  9 10 |
---------------+-------------------------------+-----
Transmutations | 3 4 5 6 7 9 11 | 11.0
Unarmed Combat | 4 5 6 7 8 10 12 | 12.1
Fighting       | 2 3 4 5 7 8 |  8.6
Poison Magic   | 1 2 3 |  3.0
Spellcasting   | 3 |  3.0
Dodging        | |  2.6

Action                   |  1- 3 |  4- 6 |  7- 9 | 10-12 || total
-------------------------+-------+-------+-------+-------++-------
Melee: Unarmed           |   106 |   153 |   271 |   107 ||   637
       Headbutt          |     3 |       |       |       ||     3
       Punch             |     1 |     1 |     1 |     8 ||    11
Throw: Dart              |       |     3 |       |     4 ||     7
 Cast: Beastly Appendage |     3 |       |       |       ||     3
       Sticks to Snakes  |     2 |     1 |     2 |       ||     5
       Spider Form       |     5 |    23 |    31 |       ||    59
       Blade Hands       |       |       |     7 |    14 ||    21
Invok: Draw Summoning    |       |       |     1 |       ||     1
       Draw Destruction  |       |       |       |     1 ||     1
  Use: Scroll            |       |       |     9 |       ||     9
 Stab: Sleeping          |     2 |       |     2 |       ||     4
  Eat: Chunk             |     4 |    12 |    20 |     6 ||    42
       Ration            |       |       |     1 |     2 ||     3
Armor: Robe              |    41 |    10 |     6 |       ||    57
       Skin              |     1 |     5 |     6 |       ||    12
       Leather armour    |       |       |     3 |    12 ||    15
Dodge: Dodged            |    82 |   110 |   192 |    43 ||   427
Block: Other             |       |       |    47 |    17 ||    64
       Reflection        |       |       |     3 |       ||     3
